 Dungeon Sprint DCSS version 0.30-a0-737-gf23d94013f (webtiles) character file.

Game seed: 11963524080957339189

378 BigDaddyOpFi the Covert (level 6, -21/24 HPs)
             Began as a Felid Earth Elementalist on Feb 2, 2023.
             Was a High Priest of Vehumet.
             Killed from afar by a nagaraja (45 damage)
             ... with a poison arrow
             ... in the Dungeon (Sprint VII: "The Pits").
             The game lasted 00:04:09 (1987 turns).

BigDaddyOpFi the Covert (Felid Earth Elementalist)  Turns: 1987, Time: 00:04:10

Health: -21/24     AC:  2    Str:  4    XL:     6   Next: 45%
Magic:  9/17       EV: 24    Int: 18    God:    Vehumet [*****.]
Gold:   0          SH:  0    Dex: 17    Spells: 15/19 levels left
                                        Lives:  0   Deaths: 2

rFire   . . .      SeeInvis +    (weapon unavailable)
rCold   . . .      Faith    .    (shield unavailable)
rNeg    . . .      Spirit   .    (body armour unavailable)
rPois   .          Reflect  .    (helmet unavailable)
rElec   .          Harm     .    (cloak unavailable)
rCorr   .          Rampage  .    (gloves unavailable)
Will    .....      NoTele   +    (boots unavailable)
Stlth   +++++                    (no amulet)
HPRegen 0.24/turn                (no ring)
MPRegen 0.15/turn                (no ring)

@: lethally poisoned (-21 -> -40), invisible, quick
A: very small, claws 1, fangs 3, see invisible, speed 1, shaggy fur 2, stealthy
paws, no weapons or thrown items, no armour, multi-lived
a: Renounce Religion


You were in the Dungeon.
You worshipped Vehumet.
Vehumet was extremely pleased with you.
You visited 1 branch

Inventory:

Potions
 a - 3 potions of magic
 b - 3 potions of heal wounds
 c - 4 potions of curing
 e - 3 potions of berserk rage


   Skills:
 + Level 10.6 Dodging
 + Level 11.4 Stealth
 + Level 7.4 Spellcasting
 + Level 8.6 Transmutations
 + Level 7.7 Earth Magic


You had 15 spell levels left.
You knew the following spells:

 Your Spells              Type           Power      Damage    Failure   Level
a - Sandblast             Erth           68%        2d15      1%          1
b - Stone Arrow           Conj/Erth      40%        3d9       1%          3

Your spell library contained the following spells:

 Spells                   Type           Power      Damage    Failure   Level
 Airstrike                Air            3%         2d(1-17)  26%         4
 Passwall                 Tmut/Erth      30%        N/A       1%          2
 Petrify                  Tmut/Erth      36%        N/A       3%          4


Dungeon Overview and Level Annotations

Branches:
Dungeon (1/1)

Altars:
Ashenzari
Cheibriados
Dithmenos
Elyvilon
Fedhas
Gozag
Hepliaklqana
Kikubaaqudgha
Makhleb
Nemelex Xobeh
Okawaru
Qazlal
Ru
Sif Muna
Trog
Uskayaw
Vehumet
Wu Jian
Xom
Yredelemnul
Zin
The Shining One
Jiyva
Lugonu


Innate Abilities, Weirdness & Mutations

You have sharp claws.
You have razor-sharp teeth.
You have supernaturally acute eyesight. (SInv)
You cover ground quickly. (Speed+)
You are covered in thick fur. (AC +2)
Your paws help you pounce on unaware monsters.
You are incapable of wielding weapons or throwing items.
You cannot wear armour.
You gain extra lives every three experience levels.


Message History

There is an open door here.
Unknown command.
Casting: Stone Arrow (safe; 1% risk of failure)
Confirm with . or Enter, or press ? or * to list all spells.
Aiming: Stone Arrow (safe; 1% risk of failure)
Press: ? - help, Shift-Dir - straight line, f - wolf
Aim: a wolf (wandering, hasn't noticed you, 53% to hit)
The stone arrow hits the wolf!
The wolf is heavily wounded.
Casting: Stone Arrow (safe; 1% risk of failure)
Confirm with . or Enter, or press ? or * to list all spells.
Aiming: Stone Arrow (safe; 1% risk of failure)
Press: ? - help, Shift-Dir - straight line, f/p - wolf
Aim: a wolf (heavily wounded, 53% to hit)
The stone arrow misses the wolf.
The wolf closely misses you.
Casting: Stone Arrow (safe; 1% risk of failure)
Confirm with . or Enter, or press ? or * to list all spells.
Aiming: Stone Arrow (safe; 1% risk of failure)
Press: ? - help, Shift-Dir - straight line, f/p - wolf
Aim: a wolf (heavily wounded, 53% to hit)
The stone arrow hits the wolf!
You kill the wolf!
Vehumet accepts your kill.
You feel your power returning.
There is an open door, spattered with blood here.
There is an open door here.
You see here the felid corpse of BigDaddyOpFi.
Casting: Stone Arrow (safe; 1% risk of failure)
Confirm with . or Enter, or press ? or * to list all spells.
Aiming: Stone Arrow (safe; 1% risk of failure)
Press: ? - help, Shift-Dir - straight line, f - wolf
Aim: a wolf (53% to hit)
The stone arrow hits the wolf!!
The wolf is almost dead.
The nagaraja shouts!
The nagaraja points at you and mumbles some strange words.
The poison arrow hits you!!!
You are poisoned.
Ouch! That really hurt!
You die...

#)#........##.......#
#.#........##.......#
#'###########.......#
#.......#.. #########
#.†.....#.# ####
#...#...#.#....#
#..###..#'#...N#
#...#...#h†....+
#...))).#@#....#
#.......'.# ...#
########### ###


You could see a nagaraja and a wolf.

Vanquished Creatures
  A redback (D)
  A warg (D)
  Pargi (D)
  5 wolves (D)
  A kobold brigand (D)
  A scorpion (D)
  A gnoll bouda (D)
  An iron imp (D)
  A mummy (D)
  4 gnolls (D)
  2 adders (D)
  A river rat (D)
  A giant cockroach (D)
  2 ball pythons (D)
  A frilled lizard (D)
24 creatures vanquished.

Vanquished Creatures (others)
  A quokka (D)
1 creature vanquished.

Grand Total: 25 creatures vanquished

Notes
Turn   | Place    | Note
-------+----------+-------------------------------------------
     0 | D        | BigDaddyOpFi the Felid Earth Elementalist began the quest
                  | for the Orb.
     0 | D        | Reached XP level 1. HP: 7/7 MP: 4/4
    16 | D        | Found a bloodstained altar of Trog.
    16 | D        | Found a shimmering blue altar of Sif Muna.
    16 | D        | Found a viscous altar of Jiyva.
    16 | D        | Found a hazy altar of Hepliaklqana.
    16 | D        | Found an opulent altar of Gozag.
    17 | D        | Found a glowing golden altar of the Shining One.
    17 | D        | Found a glowing silver altar of Zin.
    17 | D        | Found a basalt altar of Yredelemnul.
    17 | D        | Found a shimmering altar of Xom.
    17 | D        | Found an ornate altar of the Wu Jian Council.
    17 | D        | Found a sacrificial altar of Ru.
    17 | D        | Found a stormy altar of Qazlal.
    17 | D        | Found an iron altar of Okawaru.
    17 | D        | Found a sparkling altar of Nemelex Xobeh.
    17 | D        | Found a burning altar of Makhleb.
    17 | D        | Found a blossoming altar of Fedhas.
    17 | D        | Found a white marble altar of Elyvilon.
    17 | D        | Found a shadowy altar of Dithmenos.
    17 | D        | Found a snail-covered altar of Cheibriados.
    18 | D        | Found a radiant altar of Vehumet.
    18 | D        | Found a corrupted altar of Lugonu.
    19 | D        | Found an ancient bone altar of Kikubaaqudgha.
    19 | D        | Found a hide-covered altar of Uskayaw.
    19 | D        | Found a broken altar of Ashenzari.
    28 | D        | Became a worshipper of Vehumet
    61 | D        | Reached skill level 3 in Stealth
    70 | D        | Reached XP level 2. HP: 6/11 MP: 3/6
   141 | D        | Reached * piety under Vehumet
   141 | D        | Offered knowledge of Foxfire by Vehumet.
   145 | D        | Reached skill level 4 in Stealth
   325 | D        | Noticed a scorpion
   345 | D        | Reached XP level 3. HP: 11/14 MP: 0/8
   415 | D        | Offered knowledge of Shock by Vehumet.
   415 | D        | Reached ** piety under Vehumet
   416 | D        | Reached skill level 5 in Stealth
   420 | D        | Killed a scorpion
   421 | D        | Reached skill level 5 in Dodging
   421 | D        | Reached skill level 6 in Stealth
   421 | D        | Reached XP level 4. HP: 5/18 MP: 3/11
   616 | D        | Noticed a wolf
   617 | D        | Noticed Pargi
   617 | D        | Noticed a kobold brigand
   617 | D        | Noticed a wolf
   629 | D        | Killed a wolf
   629 | D        | Offered knowledge of Hailstorm by Vehumet.
   630 | D        | Reached skill level 7 in Stealth
   630 | D        | Reached skill level 5 in Transmutations
   630 | D        | Reached skill level 5 in Earth Magic
   630 | D        | Reached XP level 5. HP: 12/21 MP: 7/13
   632 | D        | Reached skill level 5 in Spellcasting
   634 | D        | Reached *** piety under Vehumet
   635 | D        | Reached skill level 8 in Stealth
   661 | D        | Killed Pargi
   662 | D        | Reached skill level 9 in Stealth
   662 | D        | Gained mutation: You are covered in thick fur. (AC +2)
                  | [Felid growth]
   662 | D        | Reached XP level 6. HP: 24/24 MP: 7/15
   809 | D        | Noticed a warg
   813 | D        | Killed a warg
   813 | D        | Reached **** piety under Vehumet
   813 | D        | Offered knowledge of Flame Wave by Vehumet.
   814 | D        | Reached skill level 10 in Stealth
   814 | D        | Reached XP level 7. HP: 11/27 MP: 15/17
  1183 | D        | Noticed a redback
  1186 | D        | Killed a redback
  1186 | D        | Offered knowledge of Lee's Rapid Deconstruction by Vehumet.
  1333 | D        | Slain by a gnoll
  1334 | D        | Reached XP level 6. HP: 0/24 MP: 16/16
  1784 | D        | Reached skill level 10 in Dodging
  1784 | D        | Reached ***** piety under Vehumet
  1784 | D        | Offered knowledge of Airstrike by Vehumet.
  1929 | D        | Learned a level 3 spell: Stone Arrow
  1939 | D        | Noticed a nagaraja
  1942 | D        | Reached skill level 11 in Stealth
  1944 | D        | Reached XP level 7. HP: 5/27 MP: 8/18
  1944 | D        | HP: 1/27 [poisoned by a nagaraja (bolt of poison)]
  1944 | D        | Slain by a wolf
  1945 | D        | Reached XP level 6. HP: -4/24 MP: 8/17
  1987 | D        | Killed from afar by a nagaraja

Illustrated notes

Levels and vault maps discovered:
D:        pitsprint [storerooms_1, entrance_room_1, metal_vault_6, armoury_2,
          mini_pit_1, grid_room_1, main_hall_1, silver_pit, the_coven_3,
          the_vestibule_1, steel_vault_5, golden_pit, hallway_of_sentries,
          crystal_vault_4, iron_vault_1, final_vault]

Skill      XL: |  1  2  3  4  5  6  7 |
---------------+----------------------+-----
Dodging        | 3 4 5 7 8 10 | 10.6
Stealth        | 3 4 6 7 9 11 | 11.4
Transmutations | 2 3 4 5 6 7 8 |  8.6
Earth Magic    | 3 4 5 6 7 |  7.7
Spellcasting   | 3 4 5 7 |  7.4

Action                     |  1- 3 |  4- 6 |  7- 9 || total
---------------------------+-------+-------+-------++-------
  Melee: Unarmed           |     2 |     2 |       ||     4
   Cast: Sandblast         |    27 |    39 |     5 ||    71
         Stone Arrow       |       |     8 |       ||     8
    Use: Potion            |     5 |     4 |     1 ||    10
         Scroll            |       |       |     1 ||     1
 Armour: Skin              |       |     3 |       ||     3
  Dodge: Dodged            |    20 |    50 |     5 ||    75

Table legend: (Time is in decaauts)
 A = Elapsed time spent in this place.
 B = Non-inter-level travel time spent in this place.
 C = Inter-level travel time spent in this place.
 D = Time resting spent in this place.
 E = Time spent auto-exploring this place.
 F = Levels seen in this place.
 G = Mean time per level.
                   A        B        C        D        E       F      G
               +--------+--------+--------+--------+--------+-----+--------+
         Total |   1934 |   1917 |     17 |   1510 |      0 |   1 | 1934.0 |
       Dungeon |   1934 |   1917 |     17 |   1510 |      0 |   1 | 1934.0 |
               +--------+--------+--------+--------+--------+-----+--------+

Top non-repeatable levels by time:
       D: 1934 daAuts
